 Dungeon Crawl Stone Soup version 0.18.1-50-g88ac8fd (webtiles) character file.

3650 KarmaPolice the Spear-Bearer (level 10, -5/82 (83) HPs)
             Began as a Merfolk Gladiator on Oct 1, 2016.
             Was a Follower of Qazlal.
             Slain by a troll (9 damage)
             ... on level 9 of the Dungeon.
             The game lasted 00:19:06 (9719 turns).

KarmaPolice the Spear-Bearer (Merfolk Gladiator)    Turns: 9719, Time: 00:19:07

HP:   -5/82 (83)    AC:  5    Str: 18    XL:     10   Next: 12%
MP:   10/10         EV: 13    Int:  8    God:    Qazlal [*.....]
Gold: 374           SH:  7    Dex: 15    Spells: 0 memorised, 9 levels left

rFire  . . .     SeeInvis +     A - +2 spear (venom)
rCold  . . .     Gourm    .     b - +0 leather armour
rNeg   . . .     Faith    .     g - +2 buckler
rPois  .         Spirit   .     c - +0 helmet
rElec  .         Dismiss  .     (no cloak)
rCorr  .         Reflect  .     (no gloves)
SustAt .         Harm     .     (no boots)
MR     .....                    (no amulet)
Stlth  +.........               H - ring of flight
                                i - ring of see invisible

@: not resistant to hostile enchantments, very unstealthy
A: change form in water, swift swim
a: Renounce Religion, Evoke Flight


You were on level 9 of the Dungeon.
You worshipped Qazlal.
Qazlal was aware of your devotion.
You were not hungry.

You visited 2 branches of the dungeon, and saw 10 of its levels.

You collected 374 gold pieces.

Inventory:

Hand Weapons
 A - a +2 spear of venom (weapon)
Missiles
 d - 3 throwing nets (quivered)
Armour
 b - a +0 leather armour (worn)
 c - a +0 helmet (worn)
 g - a +2 buckler (worn)
 F - a cursed -1 plate armour
Jewellery
 i - a ring of see invisible (left hand)
 r - an uncursed ring of resist corrosion
 B - an uncursed ring of sustain attributes
 H - a ring of flight (right hand)
Wands
 J - a wand of teleportation (3/9)
 K - a wand of disintegration (14/24)
Scrolls
 a - a scroll of immolation {unknown}
 e - a scroll of amnesia {unknown}
 h - 3 scrolls of remove curse
 j - a scroll of noise {unknown}
 k - 2 scrolls of recharging {unknown}
 l - a scroll of identify
 o - 3 scrolls of fear {unknown}
 t - 2 scrolls of enchant armour {unknown}
 u - a scroll of fog {unknown}
 y - 2 scrolls of magic mapping {unknown}
 G - 3 scrolls of teleportation {unknown}
 I - a scroll of holy word {unknown}
Potions
 m - 3 potions of lignification
 n - a potion of invisibility {unknown}
 p - 3 potions of heal wounds {unknown}
 q - 3 potions of curing {unknown}
 s - a potion of might {unknown}
 x - a potion of agility {unknown}
 C - a potion of magic {unknown}
 D - a potion of degeneration {unknown}
 E - a potion of cancellation {unknown}
Comestibles
 f - 10 bread rations
 v - 2 meat rations
 w - 5 beef jerkies
 z - 3 fruits


   Skills:
 + Level 9.1 Fighting
 + Level 12.2 Polearms
 - Level 2.0 Throwing
 + Level 6.1 Armour
 - Level 4.0 Dodging
 + Level 1.2 Invocations


You had 9 spell levels left.
You didn't know any spells.

Dungeon Overview and Level Annotations

Branches:
Dungeon (9/15)             Temple (1/1) D:7
   Lair: D:8-11         Orc: D:9-12

Altars:
Ashenzari
Cheibriados
Dithmenos
Elyvilon
Fedhas
Gozag
Kikubaaqudgha
Makhleb
Nemelex Xobeh
Okawaru
Qazlal
Ru
Sif Muna
Trog
Vehumet
Xom
Yredelemnul
Zin
The Shining One


Message History

You barely miss the troll.
The troll is moderately wounded.
You hit the troll but do no damage.
The troll is heavily wounded.
You block the troll's attack. x2; The troll claws you!
You puncture the troll!
The troll is severely wounded.
You hit the troll.
The troll is severely wounded.
The troll bites you! The troll closely misses you. The troll claws you!
You hit the troll.
The troll is almost dead.
You closely miss the troll.
The troll is almost dead.
The troll bites you!
* * * LOW HITPOINT WARNING * * *
The troll claws you!
* * * LOW HITPOINT WARNING * * *
The troll claws you!
You die...

#.....## #.. ........##
##.....##..............# #
#.....#...............# ###
#.....................# ###..
##....................###...#
#....................#†..###
##.....................###
#...................###
##.........@T......>.#
#....................#
#.######.###!.......### ##
### ##########


You could see a troll.

Vanquished Creatures
  Grinder (D:4)
  A wyvern (D:8)
  A hungry ghost (D:8)
  A hippogriff (D:7)
  4 orc warriors
  A wasp (D:8)
  3 phantoms
  2 ice beasts
  A necrophage (D:6)
  A sky beast (D:7)
  An ogre (D:6)
  2 centaurs (D:7)
  5 giant frogs
  3 scorpions
  5 crimson imps
  3 giant frog zombies
  A centaur zombie (D:8)
  4 hounds
  A centaur skeleton (D:4)
  3 jellies (D:9)
  5 orc wizards
  2 iguanas
  Natasha (twice) (D:4)
  7 worker ants
  A hound skeleton (D:9)
  3 howler monkey skeletons
  A worker ant zombie (D:6)
  5 adders
  6 gnolls
  A shadow imp (D:9)
  5 oozes (D:9)
  An adder zombie (D:5)
  An adder skeleton (D:5)
  4 worms
  3 giant geckos
  22 orcs
  4 bats
  10 giant cockroaches
  5 goblins
  4 hobgoblins
  10 jackals
  4 quokkas
  6 giant newts
  A jackal skeleton (D:4)
  A jackal zombie (D:5)
  4 kobolds
  12 rats
174 creatures vanquished.

Notes
Turn   | Place    | Note
--------------------------------------------------------------
     0 | D:1      | KarmaPolice the Merfolk Gladiator began the quest for the Orb.
     0 | D:1      | Reached XP level 1. HP: 16/16 MP: 1/1
   345 | D:1      | Reached XP level 2. HP: 23/23 MP: 2/2
  1037 | D:2      | Found an ancient bone altar of Kikubaaqudgha.
  1128 | D:2      | Reached skill level 1 in Armour
  1128 | D:2      | Reached XP level 3. HP: 24/28 MP: 3/3
  1355 | D:2      | Found a glowing silver altar of Zin.
  1356 | D:2      | Found a burning altar of Makhleb.
  1358 | D:2      | Noticed a green death
  1358 | D:2      | Noticed an angel
  1454 | D:2      | Reached skill level 5 in Polearms
  1616 | D:2      | Found a shadowy altar of Dithmenos.
  1820 | D:3      | Reached XP level 4. HP: 28/34 MP: 4/4
  2778 | D:4      | Reached XP level 5. HP: 29/41 MP: 5/5
  3053 | D:4      | Reached skill level 6 in Polearms
  3437 | D:4      | Reached XP level 6. HP: 46/48 MP: 6/6
  3587 | D:4      | Noticed Natasha
  3597 | D:4      | Killed Natasha
  3613 | D:4      | Noticed Natasha
  3619 | D:4      | Killed Natasha
  3619 | D:4      | Reached skill level 7 in Polearms
  3639 | D:4      | Noticed Grinder
  3653 | D:4      | Killed Grinder
  3653 | D:4      | Reached skill level 5 in Fighting
  3653 | D:4      | Reached XP level 7. HP: 28/56 MP: 7/7
  4272 | D:5      | Entered Level 5 of the Dungeon
  4349 | D:5      | Reached skill level 8 in Polearms
  4361 | D:5      | Found a white marble altar of Elyvilon.
  4790 | D:6      | Reached XP level 8. HP: 58/64 MP: 8/8
  5046 | D:6      | Reached skill level 9 in Polearms
  5588 | D:6      | Noticed a moth of wrath
  5590 | D:6      | Found a bloodstained altar of Trog.
  5926 | D:6      | Found a snail-covered altar of Cheibriados.
  6166 | D:6      | Reached skill level 10 in Polearms
  6166 | D:6      | Reached XP level 9. HP: 17/71 MP: 9/9
  6468 | D:7      | Found a staircase to the Ecumenical Temple.
  6536 | Temple   | Entered the Ecumenical Temple
  6739 | D:7      | Reached skill level 5 in Armour
  7135 | D:7      | Found a basalt altar of Yredelemnul.
  7311 | D:7      | Found a blossoming altar of Fedhas.
  7399 | D:7      | Reached skill level 11 in Polearms
  7702 | D:7      | Found a stormy altar of Qazlal.
  7706 | D:7      | Became a worshipper of Qazlal Stormbringer
  7790 | D:7      | Found a deep blue altar of Sif Muna.
  8690 | D:9      | Reached * piety under Qazlal
  8754 | D:9      | Noticed a troll
  8766 | D:9      | Reached XP level 10. HP: 61/81 MP: 10/10
  8922 | D:9      | Reached skill level 12 in Polearms
  9309 | D:9      | Reached skill level 1 in Invocations
  9719 | D:9      | HP: 4/82 [troll (9)]
  9719 | D:9      | Slain by a troll

Skill      XL: |  1  2  3  4  5  6  7  8  9 10 |
---------------+-------------------------------+-----
Armour         | 1 2 3 4 6 |  6.1
Polearms       | 5 6 7 8 10 11 12 | 12.2
Fighting       | 3 4 5 7 8 9 |  9.1
Invocations    | 1 |  1.2
Throwing       | |  2.0
Dodging        | |  4.0

Action                   |  1- 3 |  4- 6 |  7- 9 | 10-12 || total
-------------------------+-------+-------+-------+-------++-------
Melee: Trident           |   114 |    76 |       |       ||   190
       Spear             |       |    58 |   544 |   104 ||   706
       Tailslap          |       |       |     1 |       ||     1
  Use: Scroll            |     1 |       |     3 |       ||     4
 Stab: Sleeping          |     5 |       |     4 |       ||     9
  Eat: Chunk             |     3 |     6 |    16 |     3 ||    28
       Meat ration       |       |       |     1 |       ||     1
Armor: Leather armour    |    23 |    12 |    42 |    10 ||    87
Dodge: Dodged            |    53 |    38 |   138 |    12 ||   241
Block: Buckler           |    26 |    24 |    74 |    14 ||   138
